 Dungeon Crawl Stone Soup version 0.24.0-123-gd5b16e6ec5 (webtiles) character file.

Game seed: 7415480345788053272, levelgen mode: deterministic

1092 Descartes the Sneak (level 8, 0/36 HPs)
             Began as a Spriggan Wizard on Dec 26, 2019.
             Slain by Harold
             ... wielding a +0 war axe
              (2 damage)
             ... on level 7 of the Dungeon.
             The game lasted 00:33:57 (10523 turns).

Descartes the Sneak (Spriggan Wizard)              Turns: 10523, Time: 00:33:58

Health: 0/36       AC:  3    Str:  7    XL:     8   Next: 9%
Magic:  10/18      EV: 23    Int: 25    God:
Gold:   400        SH:  0    Dex: 18    Spells: 10/20 levels left

rFire    + . .     SeeInvis +   G - +0 rapier
rCold    + + +     Gourm    .   (shield restricted)
rNeg     + . .     Faith    .   E - +1 robe of Untruth {-Tele MR+ Dex+4}
rPois    +         Spirit   .   b - +0 hat
rElec    .         Reflect  .   (no cloak)
rCorr    .         Harm     .   (gloves unavailable)
MR       ++...     NoTele   +   (boots unavailable)
Stlth    ++++......             (no amulet)
HPRegen  0.12/turn              A - ring of positive energy
MPRegen  0.16/turn              F - ring "Yblakh" {rPois rC+++ Str+3 Int+2}

@: very quick
A: very small, unfitting armour, see invisible, clever 1, fire resistance 1,
herbivore, speed 3, slow metabolism 2
a: no special abilities


You were on level 7 of the Dungeon.
You were not hungry.

You visited 1 branch of the dungeon, and saw 7 of its levels.
You also visited: Sewer.

You collected 400 gold pieces.

Inventory:

Hand Weapons
 y - a cursed -2 hand crossbow
 G - a +0 rapier (weapon)
Missiles
 f - 74 bolts
 h - 12 poisoned darts
 i - 51 sling bullets
 m - 153 stones (quivered)
 r - 45 arrows
 w - 8 boomerangs
Armour
 b - a +0 hat (worn)
 E - the +1 robe of Untruth (worn) {-Tele MR+ Dex+4}
   (You found it on level 4 of the Dungeon)

   It affects your dexterity (+4).
   It affects your resistance to hostile enchantments.
   It prevents most forms of teleportation.
Jewellery
 A - a ring of positive energy (left hand)
 F - the ring "Yblakh" (right hand) {rPois rC+++ Str+3 Int+2}
   (You found it in a sewer)

   [ring of poison resistance]

   It affects your strength (+3).
   It affects your intelligence (+2).
   It renders you almost immune to cold.
   It protects you from poison.
Wands
 c - a wand of clouds (4)
 B - a wand of random effects (7)
Scrolls
 a - a scroll of holy word {unknown}
 g - 4 scrolls of remove curse
 j - a scroll of amnesia
 k - 5 scrolls of teleportation
 n - 2 scrolls of fog {unknown}
 o - 2 scrolls of noise {unknown}
 s - a scroll of blinking {unknown}
 u - a scroll of enchant armour {unknown}
 x - a scroll of immolation {unknown}
 J - a scroll of random uselessness {unknown}
Potions
 e - a potion of heal wounds
 l - a potion of might
 p - a potion of magic
 q - 2 potions of lignification
 t - 4 potions of curing
 v - 2 potions of haste
 z - a potion of cancellation {unknown}
 C - 2 potions of agility
 D - 3 potions of flight
 I - a potion of ambrosia {unknown}
Comestibles
 d - 10 rations


   Skills:
 + Level 6.9 Dodging
 + Level 7.3 Stealth
 + Level 6.6 Spellcasting
 + Level 3.2 Conjurations
 + Level 2.4 Hexes
   Level 0.7 Summonings
   Level 4.2 Translocations


You had 10 spell levels left.
You knew the following spells:

 Your Spells              Type           Power        Failure   Level  Hunger
a - Magic Dart            Conj           ###.         1%          1    None
b - Conjure Flame         Conj/Fire      ###.....     11%         3    None
c - Dazzling Spray        Conj/Hex       ###...       7%          3    None
d - Mephitic Cloud        Conj/Pois/Air  ##......     14%         3    None

Your spell library contained the following spells:

 Spells                   Type           Power        Failure   Level  Hunger
 Blink                    Tloc           N/A          1%          2    None
 Corona                   Hex            ###....      2%          1    None
 Slow                     Hex            ###.....     3%          2    None
 Ensorcelled Hibernation  Hex/Ice        ##....       6%          2    None
 Call Imp                 Summ           ##......     8%          2    None
 Confuse                  Hex            ###.....     8%          3    None
 Tukima's Dance           Hex            ###.....     8%          3    None


Dungeon Overview and Level Annotations

Branches:
Dungeon (7/15)              Sewer (visited)
 Temple: D:4-7

Altars:
Elyvilon
Nemelex Xobeh
Vehumet

Annotations:
D:4 Dowan, Duvessa
D:5 2 transporters, Flure's ghost, novice GnSk
D:6 exclusion: statue
D:7 Harold; Joseph


Innate Abilities, Weirdness & Mutations

You are very small and have problems with some larger weapons.
You are too small for most types of armour.
You have supernaturally acute eyesight. (SInv)
You are a herbivore.
You cover ground extremely quickly.
You need to consume almost no food.
Your mind is acute. (Int +2)
Your flesh is heat resistant. (rF+)


Message History

Aiming: Magic Dart (safe; 1% risk of failure)
Press: ? - help, Shift-Dir - straight line, f/p - Harold
Aim: Harold, wielding a +0 war axe and wearing a +0 chain mail (blind)
The magic dart hits Harold.
Harold is lightly wounded.
Harold is no longer blind.
Casting: Magic Dart (safe; 1% risk of failure)
Confirm with . or Enter, or press ? or * to list all spells.
Aiming: Magic Dart (safe; 1% risk of failure)
Press: ? - help, Shift-Dir - straight line, f/p - Harold
Aim: Harold, wielding a +0 war axe and wearing a +0 chain mail (lightly wounded)
The magic dart hits Harold but does no damage.
Harold is lightly wounded.
You tear a large gash into the net.
Harold hits you with a +0 war axe!!
Ouch! That really hurt!
You struggle against the net.
Harold hits you with a +0 war axe!
* * * LOW HITPOINT WARNING * * *
You struggle against the net.
You rip the net and break free!
Harold hits you with a +0 war axe.
You die...

..# ###.....###.#.. #
#####........
#####........#
#.....####...#
#######.##### ##....
#.......# ##...##
###.#########.......
##........... ..##.
..(..... #@@..........
#.##. ..>....#
#......########..###.#..
.......###.#####
#...##)..# ..........
#..#...## ..>.....#
############ #......#
..Z.....#
#..........###.#....##
......##
#..........##....##.##
...<...#
#..........#.....##((.
.......#
#............##.##(...


You could see Harold.

Vanquished Creatures
  4 ogres
  2 bullfrogs (Sewer)
  2 scorpions (D:3)
  A howler monkey (D:4)
  A crimson imp (D:7)
  A quasit (D:6)
  A bullfrog zombie (D:6)
  2 jellies
  An iguana (D:5)
  A worker ant (D:3)
  4 gnolls
  13 adders
  An ooze (D:2)
  2 adder skeletons
  2 worms
  2 dart slugs (D:1)
  5 leopard geckos
  10 orcs
  2 ball pythons
  3 bats
  7 giant cockroaches
  6 goblins
  7 hobgoblins
  15 jackals
  A quokka (D:5)
  11 frilled lizards
  A giant cockroach zombie (D:5)
  12 kobolds
  A quokka zombie (D:5)
  7 rats (D:1)
128 creatures vanquished.

Vanquished Creatures (others)
  2 fungi (D:5)
2 creatures vanquished.

Grand Total: 130 creatures vanquished

Notes
Turn   | Place    | Note
-------+----------+-------------------------------------------
     0 | D:1      | Descartes the Spriggan Wizard began the quest for the Orb.
     0 | D:1      | Reached XP level 1. HP: 9/9 MP: 6/6
   199 | D:1      | Reached XP level 2. HP: 13/13 MP: 5/8
   253 | D:1      | Learned a level 2 spell: Blink
   276 | D:1      | Reached skill level 1 in Conjurations
   768 | D:1      | Reached XP level 3. HP: 10/16 MP: 1/9
  1993 | D:1      | Reached skill level 4 in Stealth
  3201 | D:3      | Reached XP level 4. HP: 21/21 MP: 4/11
  3414 | D:3      | Found a sparkling altar of Nemelex Xobeh.
  4077 | D:4      | Noticed an ogre
  4118 | D:3      | Killed an ogre
  4118 | D:3      | Reached XP level 5. HP: 24/24 MP: 3/13
  4239 | D:3      | Reached skill level 5 in Spellcasting
  4608 | D:3      | Reached skill level 5 in Stealth
  5257 | D:4      | Noticed Dowan
  5535 | D:4      | Reached XP level 6. HP: 28/28 MP: 6/14
  5716 | D:4      | Reached skill level 5 in Dodging
  6123 | D:4      | Got a silken robe
  6142 | D:3      | Identified the cursed +1 robe of Untruth {-Tele MR+ Dex+4}
                  | (You found it on level 4 of the Dungeon)
  6152 | D:4      | Noticed Duvessa
  7106 | D:5      | Entered Level 5 of the Dungeon
  7197 | D:5      | Found a white marble altar of Elyvilon.
  7232 | D:5      | Found a transporter.
  7234 | D:5      | Found a transporter.
  7236 | D:5      | Noticed Flure's ghost (novice GnSk)
  7257 | D:5      | Learned a level 3 spell: Dazzling Spray
  7446 | D:5      | Found a glowing drain.
  7455 | Sewer    | Entered a sewer
  7723 | Sewer    | Reached skill level 6 in Stealth
  7823 | Sewer    | Reached XP level 7. HP: 32/32 MP: 9/16
  8384 | Sewer    | Got a sparkling ivory ring
  8577 | Sewer    | Identified the ring "Yblakh" {rPois rC+++ Str+3 Int+2} (You
                  | found it in a sewer)
  8717 | Sewer    | Gained mutation: Your mind is acute. (Int +2) [potion of
                  | mutation]
  8717 | Sewer    | Gained mutation: Your flesh is heat resistant. (rF+)
                  | [potion of mutation]
  8805 | D:5      | Learned a level 3 spell: Conjure Flame
  8842 | D:5      | Learned a level 3 spell: Mephitic Cloud
  9175 | D:6      | Reached skill level 1 in Hexes
  9633 | D:6      | Found a radiant altar of Vehumet.
  9815 | D:6      | Reached skill level 7 in Stealth
  9970 | D:7      | Reached XP level 8. HP: 36/36 MP: 10/18
 10025 | D:7      | Noticed Joseph
 10086 | D:7      | HP: 1/36 [Joseph/sling bullet (16)]
 10512 | D:7      | Noticed Harold
 10523 | D:7      | Slain by Harold

Levels and vault maps discovered:
D:1:      sevenhm_arrival_forest_fort_large_4, layout_rooms, minmay_circled_x
D:2:      layout_basic, nrook_mini_backslash
D:3:      layout_basic, nemelex_xobeh_ov_fountains_minmay
D:4:      layout_rooms, uniq_duvessa
D:5:      layout_basic, old_standard_altar, portal_sewer_entry_d,
          serial_aquarium, aquarium_bridge_square [aquarium_subvault_window,
          aquarium_subvault_wall, aquarium_subvault_wall,
          aquarium_subvault_bridge], aquarium_window_1, aquarium_window_2,
          aquarium_window_double, aquarium_view_2d, aquarium_balcony_double_1,
          aquarium_pool_2, first_ration, gammafunk_ghost_hive
D:6:      layout_rooms, vehumet_statue
D:7:      layout_rooms, minmay_temple_entry_butterflies, uniq_joseph,
          uniq_harold

Skill      XL: |  1  2  3  4  5  6  7 |
---------------+----------------------+-----
Conjurations   | 1 2 3 |  3.2
Translocations | 2 3 4 |  4.2
Stealth        | 4 5 6 7 |  7.3
Dodging        | 4 5 6 |  6.9
Spellcasting   | 5 6 |  6.6
Hexes          | 2 |  2.4
Summonings     | |  0.7

Action                   |  1- 3 |  4- 6 |  7- 9 || total
-------------------------+-------+-------+-------++-------
Melee: Dagger            |    48 |     2 |       ||    50
       Rapier            |       |       |     7 ||     7
 Cast: Magic Dart        |   143 |   300 |   136 ||   579
       Dazzling Spray    |       |       |     4 ||     4
  Use: Scroll            |       |     5 |     7 ||    12
       Potion            |       |       |     1 ||     1
 Stab: Sleeping          |       |     1 |     1 ||     2
  Eat: Ration            |       |     1 |     2 ||     3
Armor: Robe              |     6 |     2 |       ||     8
Dodge: Dodged            |    59 |    64 |    68 ||   191
